 Dungeon Crawl Stone Soup version 0.28-a0-706-gf6f64a616a (webtiles) character file.

Game seed: 5833106854654714168

67 spiderkeys the Digger (level 4, 0/35 HPs)
             Began as a Ghoul Earth Elementalist on Oct 25, 2021.
             Slain by Ijyb (4 damage)
             ... on level 3 of the Dungeon.
             The game lasted 00:03:30 (2825 turns).

spiderkeys the Digger (Ghoul Earth Elementalist)    Turns: 2825, Time: 00:03:31

Health: 0/35       AC:  2    Str: 11    XL:     4   Next: 16%
Magic:  1/6        EV: 12    Int: 11    God:
Gold:   145        SH:  0    Dex:  9    Spells: 6/7 levels left

rFire   . . .      SeeInvis .   (no weapon)
rCold   + . .      Faith    .   (no shield)
rNeg    + + +      Spirit   .   b - +0 robe
rPois   ∞          Reflect  .   (no helmet)
rElec   .          Harm     .   (no cloak)
rCorr   .          Rampage  .   (no gloves)
Will    .....                   (no boots)
Stlth   ++........              A - amulet of the acrobat
HPRegen 0.00/turn               (no ring)
MPRegen 0.10/turn               (no ring)

@: weak-willed, inhibited regen
A: claws 1, cold resistance 1, negative energy resistance 3, inhibited
regeneration, torment resistance 2
a: no special abilities


You were on level 3 of the Dungeon.
You visited 1 branch of the dungeon, and saw 3 of its levels.

You collected 145 gold pieces.


Innate Abilities, Weirdness & Mutations

You thrive by killing the living.
You are immune to poison.
You have sharp fingernails.
Your flesh is cold resistant. (rC+)
You are immune to negative energy. (rN+++)
You do not regenerate when monsters are visible.
You are immune to unholy pain and torment.


   Skills:
 + Level 1.5 Fighting
 + Level 2.3 Dodging
 - Level 2.1 Stealth
 + Level 2.2 Spellcasting
 + Level 1.6 Transmutations
 + Level 3.8 Earth Magic


You had 6 spell levels left.
You knew the following spells:

 Your Spells              Type           Power      Damage    Failure   Level
z - Sandblast             Erth           18%        2d7       6%          1

Your spell library contained the following spells:

 Spells                   Type           Power      Damage    Failure   Level
 Passwall                 Tmut/Erth      5%         N/A       14%         2
 Stone Arrow              Conj/Erth      10%        3d7       36%         3
 Ignite Poison            Fire/Tmut/Pois 2%         N/A       56%         3
 Conjure Flame            Conj/Fire      1%         6-21      65%         3
 Petrify                  Tmut/Erth      7%         N/A       67%         4
 Sticky Flame             Conj/Fire      1%         2d3       96%         4

Inventory:

Missiles
 c - 55 stones
 h - 15 bolts
Armour
 b - a +0 robe (worn)
Jewellery
 A - an amulet of the acrobat (around neck)
   (You found it on level 1 of the Dungeon)
Scrolls
 a - a scroll of amnesia
 g - a scroll of vulnerability {!r!r}
Potions
 d - a potion of berserk rage {unknown}
 f - 2 potions of flight
 i - a potion of brilliance {unknown}
 k - 2 potions of might {unknown}

Dungeon Overview and Level Annotations

Branches:
Dungeon (3/15)

Altars:

Annotations:
D:3 Ijyb

.# # .......#.#
#.#.#.....##
...#......##
......$.#.. #...# ....#
###.#.# #.#.# #
#.@.#.###...# .#
#.g.......#.#..##.#
#......#..#.......#
..............!......#
...........#..##.####.#
.##....#####..<..#
#....# #.....###
##....# #.##.####
#.....# #.##.....


You could see Ijyb (inner flame, weak-willed).


Message History

You start resting. 😨 HP[+5] MP[+5]
You regained 5 hp, and now have 12/35 hp.
Your mp is fully restored (6).
You start resting. 😎 HP[+23]
Your hp is fully restored (35).
You climb downwards.
Level annotation: Ijyb Ijyb closely misses you.
Ijyb barely misses you.
There is a stone staircase leading up here.
Casting: Sandblast (safe; 6% risk of failure)
Confirm with . or Enter, or press ? or * to list all spells.
Aiming: Sandblast (safe; 6% risk of failure)
Press: ? - help, Shift-Dir - straight line, f - Ijyb
Aim: Ijyb, wielding a +0 club, wearing a +0 scale mail and carrying a wand of flame (9) (75% to hit)
The blast of sand hits Ijyb.
Ijyb hits you with a +0 club. 😕 HP[-5] MP[-1]
You take 5 damage, and now have 30/35 hp.
You lost 1 mp, and now have 5/6 mp.
Casting: Sandblast (safe; 6% risk of failure)
Confirm with . or Enter, or press ? or * to list all spells.
Aiming: Sandblast (safe; 6% risk of failure)
Press: ? - help, Shift-Dir - straight line, f/p - Ijyb
Aim: Ijyb, wielding a +0 club, wearing a +0 scale mail and carrying a wand of flame (9) (lightly wounded, 75% to hit)
The blast of sand hits Ijyb but does no damage.
Ijyb hits you with a +0 club. 😮 HP[-4] MP[-1]
You take 4 damage, and now have 26/35 hp.
You lost 1 mp, and now have 4/6 mp.
Casting: Sandblast (safe; 6% risk of failure)
Confirm with . or Enter, or press ? or * to list all spells.
Aiming: Sandblast (safe; 6% risk of failure)
Press: ? - help, Shift-Dir - straight line, f/p - Ijyb
Aim: Ijyb, wielding a +0 club, wearing a +0 scale mail and carrying a wand of flame (9) (lightly wounded, 75% to hit)
The blast of sand hits Ijyb.
Ijyb barely misses you. 😮 MP[-1]
You lost 1 mp, and now have 3/6 mp.
Casting: Sandblast (safe; 6% risk of failure)
Confirm with . or Enter, or press ? or * to list all spells.
Aiming: Sandblast (safe; 6% risk of failure)
Press: ? - help, Shift-Dir - straight line, f/p - Ijyb
Aim: Ijyb, wielding a +0 club, wearing a +0 scale mail and carrying a wand of flame (9) (moderately wounded, 75% to hit)
The blast of sand hits Ijyb but does no damage.
Ijyb hits you with a +0 club! 😮 HP[-7] MP[-1]
You take 7 damage, and now have 19/35 hp.
You lost 1 mp, and now have 2/6 mp.
Casting: Sandblast (safe; 6% risk of failure)
Confirm with . or Enter, or press ? or * to list all spells.
Aiming: Sandblast (safe; 6% risk of failure)
Press: ? - help, Shift-Dir - straight line, f/p - Ijyb
Aim: Ijyb, wielding a +0 club, wearing a +0 scale mail and carrying a wand of flame (9) (moderately wounded, 75% to hit)
The blast of sand misses Ijyb.
Ijyb barely misses you. 😮 MP[-1]
You lost 1 mp, and now have 1/6 mp.
Casting: Sandblast (safe; 6% risk of failure)
Confirm with . or Enter, or press ? or * to list all spells.
Aiming: Sandblast (safe; 6% risk of failure)
Press: ? - help, Shift-Dir - straight line, f/p - Ijyb
Aim: Ijyb, wielding a +0 club, wearing a +0 scale mail and carrying a wand of flame (9) (moderately wounded, 75% to hit)
The blast of sand misses Ijyb.
Ijyb hits you with a +0 club.
* * * LOW HITPOINT WARNING * * *
😨 HP[-3] MP[-1]
You take 3 damage, and now have 16/35 hp.
You lost 1 mp, and now have 0/6 mp.
Press: ? - help, v - describe, . - travel
Here: Ijyb, wielding a +0 club, wearing a +0 scale mail and carrying a wand of flame (9) (moderately wounded)
The floor.
As you read the scroll labelled UMUYTA QEVEF, it crumbles to dust.
It is a scroll of amnesia.
Really abort (and waste the scroll)?
Okay, then.
Ijyb zaps a wand.
The puff of flame hits you.
* * * LOW HITPOINT WARNING * * *
😨 HP[-6]
You take 6 damage, and now have 10/35 hp.
As you read the scroll labelled UKEACK QUYD, it crumbles to dust.
You hear a loud clanging noise!
It was a scroll of noise.
You hear a shout! x4
Ijyb hits you with a +0 club.
* * * LOW HITPOINT WARNING * * *
😱 HP[-5]
You take 5 damage, and now have 5/35 hp.
As you read the scroll labelled SAMI QASTRYUG, it crumbles to dust.
Magic quickly surges around you.
It was a scroll of vulnerability.
Ijyb misses you.
As you read the scroll labelled OCOEJE JOOSTAPH, it crumbles to dust.
The creatures around you are filled with an inner flame!
It was a scroll of immolation.
Ijyb hits you with a +0 club.
* * * LOW HITPOINT WARNING * * *
😱 HP[-1] MP[+1]
You take 1 damage, and now have 4/35 hp.
As you read the scroll labelled HUYTAX MYMOXU, it crumbles to dust.
It is a scroll of identify.
f - 2 potions of flight Ijyb hits you with a +0 club.
You die...

Skill      XL: |  1  2 |
---------------+-------+-----
Transmutations | 1 |  1.6
Dodging        | 2 |  2.3
Spellcasting   | 2 |  2.2
Fighting       | 1 |  1.5
Stealth        | |  2.1
Earth Magic    | |  3.8

Action                   |  1- 3 |  4- 6 || total
-------------------------+-------+-------++-------
Melee: Unarmed           |   113 |    11 ||   124
 Cast: Sandblast         |    46 |    17 ||    63
  Use: Scroll            |       |     5 ||     5
 Stab: Sleeping          |     2 |       ||     2
Armor: Robe              |    26 |       ||    26
Dodge: Dodged            |   110 |    11 ||   121

Levels and vault maps discovered:
D:1:      nzn_arrival_crosshair, layout_basic, minivault_11
D:2:      layout_rooms, chequers_ecumenical_altar_simple,
          hangedman_decor_diamond_cutter
D:3:      gammafunk_wand_slinger, layout_basic, fedhas_altar_3,
          nicolae_overflow_hidden_temple, grunt_ministairs_15, uniq_natasha,
          uniq_crazy_yiuf_cottage, uniq_grinder, uniq_ijyb

Notes
Turn   | Place    | Note
-------+----------+-------------------------------------------
     0 | D:1      | spiderkeys the Ghoul Earth Elementalist began the quest for
                  | the Orb.
     0 | D:1      | Reached XP level 1. HP: 14/14 MP: 2/2
     0 | D:1      | magus.rc [v1.9.10]
    67 | D:1      | Reached skill level 1 in Transmutations
   182 | D:1      | Reached XP level 2. HP: 11/22 MP: 1/3
   353 | D:1      | Reached skill level 2 in Dodging
   695 | D:1      | Reached skill level 2 in Spellcasting
   894 | D:1      | Reached skill level 1 in Fighting
   987 | D:1      | Reached XP level 3. HP: 25/28 MP: 1/5
  2054 | D:2      | You add the spells Conjure Flame, Ignite Poison and Sticky
                  | Flame to your library.
  2142 | D:2      | Found a faded altar of an unknown god.
  2166 | D:2      | Reached XP level 4. HP: 35/35 MP: 6/6
  2541 | D:3      | Noticed Ijyb
  2551 | D:3      | HP: 7/35 [Ijyb/puff of flame (6)]
  2822 | D:3      | HP: 5/35 [Ijyb (5)]
  2825 | D:3      | Slain by Ijyb

Vanquished Creatures
  An adder (D:2)
  3 worms (D:2)
  4 ball pythons
  3 bats
  3 endoplasms (D:1)
  4 giant cockroaches
  4 hobgoblins
  5 jackals
  2 quokkas (D:1)
  2 frilled lizards
  4 goblins
  5 kobolds
  5 rats (D:1)
45 creatures vanquished.

Table legend:
 A = Non-vault XP
 B = Vault XP
 C = Vault XP percentage of total XP
 D = Non-vault monster count
 E = Vault monster count
 F = Vault count percentage of total count
                 A         B        C        D         E       F
            +---------+---------+-------+---------+---------+-------
      Total |      96 |       0 |   0.0 |      45 |       0 |   0.0
            +---------+---------+-------+---------+---------+-------
        D:1 |      45 |       0 |   0.0 |      29 |       0 |   0.0
        D:2 |      49 |       0 |   0.0 |      15 |       0 |   0.0
        D:3 |       2 |       0 |   0.0 |       1 |       0 |   0.0
            +---------+---------+-------+---------+---------+-------

Illustrated notes

Table legend:
 A = Kills in this place as a percentage of kills in entire the game.
 B = Kills by you in this place as a percentage of kills by you in the entire game.
 C = Kills by friends in this place as a percentage of kills by friends in the entire game.
 D = Other kills in this place as a percentage of other kills in the entire game.
 E = Experience gained in this place as a percentage of experience gained in the entire game.
 F = Experience gained in this place divided by the number of levels of this place that you have seen.
                   A       B       C       D       E      F
               +-------+-------+-------+-------+-------+----------------------
         Total | 100.0 | 100.0 |   N/A |   N/A | 100.0 |  32.0
       Dungeon | 100.0 | 100.0 |   N/A |   N/A | 100.0 |  32.0
               +-------+-------+-------+-------+-------+----------------------

Table legend: (Time is in decaauts)
 A = Elapsed time spent in this place.
 B = Non-inter-level travel time spent in this place.
 C = Inter-level travel time spent in this place.
 D = Time resting spent in this place.
 E = Time spent auto-exploring this place.
 F = Levels seen in this place.
 G = Mean time per level.
                   A        B        C        D        E       F      G
               +--------+--------+--------+--------+--------+-----+--------+
         Total |   2825 |   2808 |     17 |    255 |   2187 |   3 |  941.7 |
       Dungeon |   2825 |   2808 |     17 |    255 |   2187 |   3 |  941.7 |
               +--------+--------+--------+--------+--------+-----+--------+

Top non-repeatable levels by time:
     D:1: 1667 daAuts
     D:2: 1083 daAuts
     D:3: 75 daAuts
